 Dungeon Crawl Stone Soup version 0.28.0-45-g0d030f2227 (webtiles) character file.

Game seed: 9941059306624646408

514 NinjaNoafa the Chopper (level 7, -5/94 HPs)
             Began as a Hill Orc Monk on Apr 12, 2022.
             Was a Believer of Beogh.
             Slain by an orc warrior
             ... wielding a +0 scimitar
              (6 damage)
             ... on level 4 of the Dungeon.
             The game lasted 00:08:42 (2844 turns).

NinjaNoafa the Chopper (Hill Orc Monk)              Turns: 2844, Time: 00:08:43

Health: -5/94      AC: 23    Str: 16    XL:     7   Next: 20%
Magic:  8/8        EV:  2    Int: 10    God:    Beogh [**....]
Gold:   71         SH:  0    Dex: 13    Spells: 6/6 levels left

rFire   . . .      SeeInvis .   c - +2 hand axe (freeze)
rCold   . . .      Faith    .   (no shield)
rNeg    . . .      Spirit   .   (armour currently unavailable)
rPois   +          Reflect  .   (helmet currently unavailable)
rElec   .          Harm     .   (cloak currently unavailable)
rCorr   .          Rampage  .   (gloves currently unavailable)
Will    .....      NoTele   +   (boots currently unavailable)
Stlth   ++........              (no amulet)
HPRegen 0.25/turn               (no ring)
MPRegen 0.11/turn               (no ring)

@: tree-form
A: stationary, stasis, torment immunity, boosted hp
a: Renounce Religion, Smiting


You were on level 4 of the Dungeon.
You worshipped Beogh.
Beogh was pleased with you.
You were a tree.
You visited 1 branch of the dungeon, and saw 4 of its levels.

You collected 71 gold pieces.

Inventory:

Hand Weapons
 a - a +0 hand axe
 c - a +2 hand axe of freezing (weapon)
 f - a +1 spectral club
 q - a +1 dagger of pain
Missiles
 d - 11 poisoned darts (quivered)
 g - 52 sling bullets
 j - 6 silver boomerangs
 k - 86 stones
 m - 4 large rocks
 r - 4 throwing nets
 s - 32 arrows
Armour
 b - a +0 robe
 h - a +1 ring mail of poison resistance (melded)
 l - a +2 robe of willpower
 x - a +0 pair of boots (melded)
 y - a +2 animal skin
 z - a +0 helmet (melded)
Wands
 w - a wand of flame (6)
Scrolls
 e - a scroll of identify {unknown}
 o - a scroll of noise
 p - a scroll of teleportation {unknown}
 t - a scroll of fog {unknown}
 u - a scroll of fear {unknown}
Potions
 i - a potion of brilliance


   Skills:
 + Level 6.0 Fighting
 + Level 6.5 Axes
 * Level 3.9 Armour
 - Level 3.0 Dodging
 - Level 1.8 Stealth
 * Level 1.8 Invocations


You had 6 spell levels left.
You didn't know any spells.
Your spell library contained the following spells:

 Spells                   Type           Power      Damage    Failure   Level
 Ignite Poison            Fire/Tmut/Pois 0%         N/A       75%         3
 Mephitic Cloud           Conj/Pois/Air  0%         N/A       75%         3
 Fulminant Prism          Conj/Hex       0%         3d6       98%         4
 Iskenderun's Mystic Bla  Conj/Tloc      0%         2d3       98%         4
 Freezing Cloud           Conj/Ice/Air   0%         6-21      100%        5
 Lee's Rapid Deconstruct  Erth           0%         3d5*      100%        5


Dungeon Overview and Level Annotations

Branches:
Dungeon (4/15)
 Temple: D:4-7

Altars:

Shops:
D:1 [


Message History

You hit the orc warrior. You freeze the orc warrior.
The orc warrior is lightly wounded.
The orc warrior completely misses you.
You closely miss the orc warrior.
The orc warrior is lightly wounded.
The orc warrior hits you with a +0 scimitar!
You hit the orc warrior but do no damage.
The orc warrior is lightly wounded.
The orc warrior hits you with a +0 scimitar!!
You slash the orc warrior! You freeze the orc warrior.
The orc warrior is heavily wounded.
The orc warrior hits you with a +0 scimitar!
You hit the orc warrior. You freeze the orc warrior.
The orc warrior is severely wounded.
The orc warrior hits you with a +0 scimitar!
* * * LOW HITPOINT WARNING * * *
It was a potion of lignification.
You turn into a tree.
Your +0 helmet melds into your body.
Your +0 pair of boots melds into your body.
Your +1 ring mail of poison resistance melds into your body.
You no longer feel resistant to poison.
Your roots penetrate the ground.
The orc warrior hits you with a +0 scimitar.
* * * LOW HITPOINT WARNING * * *
You hit the orc warrior but do no damage.
The orc warrior is severely wounded.
The orc warrior hits you with a +0 scimitar!
* * * LOW HITPOINT WARNING * * *
You hit the orc warrior but do no damage.
The orc warrior is heavily wounded.
Okay, then.
You hit the orc warrior but do no damage.
Your punch misses the orc warrior.
The orc warrior is heavily wounded.
The orc warrior hits you with a +0 scimitar!
* * * LOW HITPOINT WARNING * * *
You hit the orc warrior. You freeze the orc warrior.
The orc warrior is severely wounded.
The orc warrior hits you with a +0 scimitar.
You die...
Beogh appreciates the orc warrior's killing of a heretic priest.

#.....###.##.#
#..##o.##....
## ##..##.#
##....##
#...#o...#
#.#.#..#.# #
.Z..##.#
##.#######)#
.):...o♣.†.#
##.#######.#
#... #....#
...(.# .....#
.....# ....#


You could see an orc warrior.

Vanquished Creatures
  Sigmund (D:3)
  A sky beast (D:4)
  A centaur skeleton (D:3)
  Jessica (D:3)
  A killer bee zombie (D:3)
  A hound zombie (D:4)
  3 gnolls (D:2)
  Robin (D:3)
  4 adders
  An adder skeleton (D:4)
  4 orcs (D:3)
  2 ball pythons
  8 endoplasms
  2 giant cockroaches
  13 goblins
  10 hobgoblins
  7 jackals
  A quokka (D:4)
  6 bats
  6 frilled lizards
  7 kobolds
  7 rats
88 creatures vanquished.

Vanquished Creatures (others)
  An orc priest (D:4)
  An adder skeleton (D:4)
  A dart slug (D:4)
  An orc (D:4)
4 creatures vanquished.

Grand Total: 92 creatures vanquished

Notes
Turn   | Place    | Note
-------+----------+-------------------------------------------
     0 | D:1      | NinjaNoafa the Hill Orc Monk began the quest for the Orb.
     0 | D:1      | Reached XP level 1. HP: 19/19 MP: 1/1
   142 | D:1      | Reached XP level 2. HP: 23/27 MP: 2/2
   217 | D:1      | Found Ymparuoc's Antique Armour Shop.
   473 | D:1      | Reached XP level 3. HP: 33/33 MP: 3/3
   927 | D:2      | Found a faded altar of an unknown god.
  1026 | D:2      | Reached skill level 1 in Armour
  1026 | D:2      | Reached XP level 4. HP: 25/41 MP: 4/4
  1646 | D:3      | Reached skill level 5 in Axes
  1649 | D:3      | Reached XP level 5. HP: 20/47 MP: 5/5
  1871 | D:3      | Noticed Robin
  1887 | D:3      | Killed Robin
  2041 | D:3      | Noticed Jessica
  2061 | D:3      | Killed Jessica
  2062 | D:3      | Reached skill level 5 in Fighting
  2195 | D:3      | Noticed Sigmund
  2219 | D:3      | Killed Sigmund
  2220 | D:3      | Reached XP level 6. HP: 54/57 MP: 6/6
  2775 | D:4      | Became a worshipper of Beogh the Brigand
  2775 | D:4      | Reached * piety under Beogh
  2775 | D:4      | Reached ** piety under Beogh
  2808 | D:4      | Noticed a sky beast
  2817 | D:4      | Killed a sky beast
  2818 | D:4      | Reached skill level 1 in Invocations
  2818 | D:4      | Reached XP level 7. HP: 62/62 MP: 6/8
  2843 | D:4      | HP: 1/94 [orc warrior/+0 scimitar (8)]
  2844 | D:4      | Slain by an orc warrior

Illustrated notes

Levels and vault maps discovered:
D:1:      psy_arrival_fountain, layout_rooms, serial_shops, shop,
          minmay_hexomino_c4
D:2:      layout_loops_ring, shapermc_ecumenical_altar_venn,
          chequers_serial_rivers_marsh, minivault_19
D:3:      layout_loops_ring, uniq_robin, uniq_jessica, uniq_sigmund
D:4:      layout_rooms, gammafunk_temple_overflow_pools,
          minmay_temple_entry_drinking_statues, serial_shops, shop,
          minivault_24, grunt_ministairs_8, minmay_manual_monstrance

Skill      XL: |  1  2  3  4  5  6  7 |
---------------+----------------------+-----
Fighting       | 4 5 6 |  6.0
Dodging        | 3 |  3.0
Armour         | 1 3 |  3.9
Axes           | 5 6 |  6.5
Invocations    | 1 |  1.8
Stealth        | |  1.8

Action                   |  1- 3 |  4- 6 |  7- 9 || total
-------------------------+-------+-------+-------++-------
Melee: Hand axe          |    91 |   102 |    23 ||   216
       Punch             |     1 |     2 |       ||     3
Throw: Dart              |       |     1 |       ||     1
Invok: Convert to Beogh  |       |     1 |       ||     1
  Use: Potion            |       |     6 |     1 ||     7
       Scroll            |       |     1 |       ||     1
 Stab: Sleeping          |       |     1 |       ||     1
Armor: Robe              |     8 |       |       ||     8
       Ring mail         |    36 |    66 |     4 ||   106
Dodge: Dodged            |    55 |    70 |    10 ||   135
